 Dungeon Crawl Stone Soup version 0.24-a0-484-g962a3eeff7 (webtiles) character file.

Game seed: 178740412586510156

87731 ichfickdeinhundeclan the Unseen (level 15, 0/86 HPs)
             Began as a Spriggan Enchanter on July 7, 2019.
             Was the Champion of Dithmenos.
             Succumbed to a green ugly thing's poison
             ... on level 14 of the Dungeon on July 9, 2019.
             The game lasted 03:17:12 (30942 turns).

ichfickdeinhundeclan the Unseen (SpEn)             Turns: 30942, Time: 03:17:12

Health: 0/86       AC: -4    Str:  4    XL:     15   Next: 44%
Magic:  35/43      EV: 34    Int: 21    God:    Dithmenos [******]
Gold:   2845       SH:  0    Dex: 22    Spells: 5/43 levels left

rFire    . . .     SeeInvis +   o - +1 quick blade (flame)
rCold    . . .     Gourm    .   (shield restricted)
rNeg     . . .     Faith    .   V - +2 robe {MR+} {MR+}
rPois    .         Spirit   .   (helmet restricted)
rElec    .         Reflect  .   (no cloak)
rCorr    .         Harm     .   (gloves unavailable)
MR       +++..                  (boots unavailable)
Stlth    ++++++++++             p - amulet "Hanas" {RegenMP Dex+3}
HPRegen  0.24/turn              C - ring of magical power {MP+9}
MPRegen  0.53/turn              W - ring of wizardry {Wiz+}

@: lethally poisoned (0 -> -43), corroded, wreathed by umbra, very quick
A: very small, unfitting armour, see invisible, herbivore, speed 3, slow
metabolism 2
a: Shadow Step, Shadow Form, Renounce Religion


You were on level 14 of the Dungeon.
You worshipped Dithmenos.
Dithmenos was exalted by your worship.
You were not hungry.

You visited 4 branches of the dungeon, and saw 23 of its levels.
You also visited: Bailey, Ice Cave and Volcano.

You collected 2845 gold pieces.

Inventory:

Hand Weapons
 o - a +1 quick blade of flaming (weapon)
 v - the +2 flail of Peril {venom, rElec rPois rN+ Stlth+}
   (You found it on level 5 of the Dungeon)

   It poisons the flesh of those it strikes.
   It insulates you from electricity.
   It protects you from poison.
   It protects you from negative energy.
   It makes you more stealthy.
 L - a +1 dagger of electrocution
 Z - the +8 fustibalus of Discord {venom, rF- Str+9 Int+3 Dex-2}
   (You found it on level 11 of the Dungeon)

   It poisons the ammo it fires.
   It affects your strength (+9).
   It affects your intelligence (+3).
   It affects your dexterity (-2).
   It makes you vulnerable to fire.
Missiles
 k - 61 poisoned darts
 u - 15 sling bullets
 Q - 150 stones (quivered)
 X - 6 curare-tipped darts
Armour
 i - +0 ice dragon scales
 m - a +0 troll leather armour {regen}
 O - a +2 robe of cold resistance {rC+}
 V - a +2 robe of magic resistance (worn) {MR+}
Magical Staves
 S - an uncursed staff of summoning {!a}
 Y - an uncursed staff of wizardry {wiz+, !a}
Jewellery
 b - the ring "Tuheydu" {+Blink MR- rCorr Str-2 Int+4}
   (You found it on level 6 of the Lair of Beasts)

   [ring of resist corrosion]

   It affects your strength (-2).
   It affects your intelligence (+4).
   It affects your resistance to hostile enchantments.
   It lets you blink.
   It provides partial protection from all sources of acid and corrosion.
 p - the amulet "Hanas" (around neck) {RegenMP Dex+3}
   (You found it on level 11 of the Dungeon)

   [amulet of magic regeneration]

   It increases your magic regeneration.
   It affects your dexterity (+3).
 C - a ring of magical power (left hand) {MP+9}
 W - a ring of wizardry (right hand) {Wiz+}
Wands
 x - a wand of flame (28)
 G - a wand of paralysis (8)
 K - a wand of iceblast (14)
 P - a wand of disintegration (9)
 T - a wand of acid (17)
Scrolls
 f - 2 scrolls of fog
 g - 2 scrolls of fear
 r - a scroll of silence {unknown}
 t - 5 scrolls of teleportation
 w - 6 scrolls of remove curse
 z - 5 scrolls of amnesia
 B - a scroll of blinking {!r}
 H - 4 scrolls of enchant weapon
 I - 4 scrolls of magic mapping {!r}
 M - a scroll of immolation {!r}
 N - 3 scrolls of enchant armour
 U - 3 scrolls of vulnerability {!r!r}
Potions
 a - a potion of lignification {!q}
 c - 4 potions of flight
 d - 2 potions of might
 h - 3 potions of haste
 j - 2 potions of berserk rage {!q}
 l - 6 potions of heal wounds
 n - 3 potions of resistance
 q - 7 potions of curing
 s - 6 potions of agility
 A - 6 potions of degeneration {unknown}
 D - 3 potions of brilliance {unknown}
 E - 2 potions of invisibility
 J - a potion of magic
Miscellaneous
 y - a phial of floods
Comestibles
 e - 38 rations


   Skills:
 * Level 13.1 Fighting
 - Level 10.0 Short Blades
 + Level 15.7 Dodging
 + Level 17.3 Stealth
 * Level 14.8 Spellcasting
 - Level 2.0 Conjurations
 + Level 8.7 Hexes
 + Level 5.1 Charms
 - Level 6.1 Translocations
 - Level 2.0 Ice Magic
 + Level 4.6 Invocations


You had 5 spell levels left.
You knew the following spells:

 Your Spells              Type           Power        Failure   Level  Hunger
a - Ensorcelled Hibernat  Hex/Ice        #####.       1%          2    None
b - Tukima's Dance        Hex            ######..     1%          3    None
c - Confuse               Hex            ######..     1%          3    None
d - Dazzling Spray        Conj/Hex       #####.       1%          3    None
e - Passage of Golubria   Tloc           N/A          1%          4    None
f - Force Lance           Conj/Tloc      ####....     3%          4    None
g - Invisibility          Hex            ######..     7%          6    #####..
h - Lesser Beckoning      Tloc           #####.....   1%          3    None
i - Deflect Missiles      Chrm/Air       ####......   61%         6    #####..
r - Regeneration          Chrm/Necr      ####......   1%          3    None
A - Animate Skeleton      Necr           N/A          1%          1    None

Your spell library contained the following spells:

 Spells                   Type           Power        Failure   Level  Hunger
 Apportation              Tloc           #####.       1%          1    None
 Corona                   Hex            ######.      1%          1    None
 Pain                     Necr           ###.         1%          1    None
 Sting                    Conj/Pois      ###.         1%          1    None
 Summon Butterflies       Summ           ###.....     1%          1    None
 Cause Fear               Hex            ######....   1%          4    None
 Poisonous Vapours        Pois/Air       ###...       2%          2    None
 Sublimation of Blood     Necr           ###.......   2%          2    None
 Mephitic Cloud           Conj/Pois/Air  ###.....     3%          3    None
 Ignite Poison            Fire/Tmut/Pois ###.....     4%          3    None
 Vampiric Draining        Necr           ###.......   4%          3    None
 Silence                  Hex/Air        ####......   8%          5    ###....
 Yara's Violent Unravell  Hex/Tmut       ####......   8%          5    ###....
 Sticky Flame             Conj/Fire      ###.....     11%         4    None
 Airstrike                Air            ###.......   16%         4    None
 Animate Dead             Necr           N/A          16%         4    None
 Olgreb's Toxic Radiance  Pois           ###.....     16%         4    None
 Petrify                  Tmut/Erth      ###.....     16%         4    None
 Irradiate                Conj/Tmut      ###.......   28%         5    ###....
 Venom Bolt               Conj/Pois      ###.......   28%         5    ###....
 Alistair's Intoxication  Tmut/Pois      ###.....     38%         5    ###....
 Discord                  Hex            ######....   95%         8    #######
 Haunt                    Necr/Summ      ###.......   100%        7    ######.
 Borgnjor's Revivificati  Necr           ###.......   100%        8    #######
 Death's Door             Chrm/Necr      ####......   100%        8    #######
 Infestation              Necr           ###.......   100%        8    #######
 Necromutation            Tmut/Necr      ###.......   100%        8    #######


Dungeon Overview and Level Annotations

Branches:
Dungeon (14/15)            Temple (1/1) D:4            Lair (6/6) D:11
 Shoals (0/4) Lair:2       Spider (0/4) Lair:3        Slime (0/5) Lair:5
    Orc (2/2) D:9             Elf (0/3) Orc:2
 Vaults: D:13-14

Altars:
Ashenzari
Cheibriados
Dithmenos
Elyvilon
Fedhas
Gozag
Hepliaklqana
Kikubaaqudgha
Makhleb
Nemelex Xobeh
Okawaru
Qazlal
Ru
Sif Muna
Trog
Uskayaw
Vehumet
Wu Jian
Xom
Yredelemnul
Zin
The Shining One
Beogh
Jiyva

Shops:
Orc:2 [[?=

Annotations:
D:2 Sigmund
Lair:2 exclusion: 2 oklob plants


Innate Abilities, Weirdness & Mutations

You are very small and have problems with some larger weapons.
You are too small for most types of armour.
You have supernaturally acute eyesight. (SInv)
You are a herbivore.
You cover ground extremely quickly.
You need to consume almost no food.


Message History

Your shadow mimicks your spell!
The green ugly thing is unaffected.
You feel sick.
The green ugly thing punches your ugly thing skeleton!
You take 2 damage, and have 23/86 hp.
You now have 34/43 mp.
You closely miss the green ugly thing.
You feel sick.
You take 1 damage, and have 22/86 hp.
You hit the green ugly thing but do no damage.
You closely miss the green ugly thing.
You feel sick.
You take 1 damage, and have 21/86 hp.
You hit the green ugly thing but do no damage.
The green ugly thing punches you!
* * * LOW HITPOINT WARNING * * *
You are more poisoned.
The green ugly thing poisons you!
You take 16 damage, and have 5/86 hp.
* * * LOW HITPOINT WARNING * * *
You feel very sick.
You take 3 damage, and have 2/86 hp.
You die...

... ##.##### ...
..# #.. ..# #.###.#
#+## #...#.# #...##
##<#.#.##%....#
#.#......#.......
#....#@#.Z.......
...........u.......
####.....##%.......
##..#####.......
##.# #.....# #.#
#...## #. #+##


You could see a green ugly thing.

Levels and vault maps discovered:
D:1:      minmay_arrival_pointy, layout_basic
D:2:      layout_basic, okawaru_metal_pillars_1_2, kennysheep_minor_cross,
          uniq_natasha, uniq_jessica, uniq_sigmund
D:3:      minmay_octagon_keep, layout_loops_corners,
          nicolae_overflow_hidden_temple, first_ration, chequers_jeans,
          chequers_avenue, nicolae_ru_great_annihilating_truth, uniq_grinder
D:4:      layout_loops_cross, minmay_temple_entry_waves
D:5:      layout_loops_ring, good_gods_mini_temple, minivault_24,
          doesnt_xom_only_xom, uniq_duvessa
D:6:      black_bear_nest_1, layout_basic, grunt_qazlal_clouds
D:7:      layout_basic
D:8:      layout_cave_pools, special_room [special_room_orc],
          hangedman_pestilent_swarm, minmay_three_doors
D:9:      layout_cave_pools, ashenzari_altar_1, orc_0_dummy
D:10:     layout_rooms
D:11:     minmay_tri_box, layout_irregular_city, minmay_lair_entry_grove
D:12:     layout_irregular_city, lightli_church_of_beogh, uniq_maurice
D:13:     layout_roguey, portal_ice_cave_demonic_guard, enter_bailey_3,
          uniq_erolcha
D:14:     layout_loops_corners, david_vaults_2, minmay_misc_feat_tiny
Temple:   regret_index_temple_sphere_string
Lair:1:   layout_small_grid
Lair:2:   layout_long_grid, elwin_shoals_entry_rooms, minmay_lair_oklob_chamber,
          infiniplex_staircase_pool_2, uniq_nergalle
Lair:3:   layout_cave_shapes, spider_nest_entry_webs, minmay_lindwurm_lava,
          grunt_megastairs_2
Lair:4:   layout_roguey
Lair:5:   layout_gridlike, slime_altar_1, nicolae_volcano_entry_lava_flow,
          minivault_27, bh_chokoban, disabler_island
Lair:6:   grunt_lair_end_beastmaster, layout_gridlike, lemuel_fruit_tree
Orc:1:    layout_caves, uniq_snorg
Orc:2:    st_orc_open, layout_caves

Notes
Turn   | Place    | Note
-------+----------+-------------------------------------------
     0 | D:1      | ichfickdeinhundeclan the Spriggan Enchanter began the quest
                  | for the Orb.
     0 | D:1      | Reached XP level 1. HP: 9/9 MP: 5/5
    41 | D:1      | Identified a +0 club
   118 | D:1      | Identified a +0 short sword
   307 | D:1      | Reached skill level 3 in Spellcasting
   317 | D:1      | Reached XP level 2. HP: 7/13 MP: 7/7
   701 | D:1      | Identified a +0 dagger
   950 | D:1      | Identified a +0 short sword
   951 | D:1      | Identified a +0 whip
   965 | D:1      | Learned a level 2 spell: Ensorcelled Hibernation
  1577 | D:2      | Reached XP level 3. HP: 8/16 MP: 2/9
  1734 | D:2      | Learned a level 3 spell: Confuse
  1775 | D:2      | Noticed Natasha
  1826 | D:2      | Reached skill level 4 in Hexes
  1874 | D:2      | Reached skill level 4 in Spellcasting
  2157 | D:2      | Identified a cursed -3 club
  2169 | D:2      | Found an iron altar of Okawaru.
  2206 | D:2      | Identified a +0 robe
  2206 | D:2      | Noticed Jessica
  2448 | D:2      | Identified a +0 club
  2505 | D:2      | Identified a +0 club
  2507 | D:2      | Identified a +0 dagger
  2677 | D:2      | Reached XP level 4. HP: 21/21 MP: 11/11
  2801 | D:2      | Identified a +0 scythe
  2801 | D:2      | Identified a +0 robe
  2801 | D:2      | Noticed Sigmund
  3132 | D:2      | Killed Jessica
  3262 | D:2      | Killed Natasha
  3262 | D:2      | Reached skill level 1 in Ice Magic
  3272 | D:2      | Learned a level 3 spell: Tukima's Dance
  3277 | D:2      | Noticed Natasha
  3287 | D:2      | Killed Natasha
  3287 | D:2      | Reached skill level 5 in Spellcasting
  3287 | D:2      | Reached XP level 5. HP: 19/24 MP: 7/13
  3351 | D:2      | Identified a +1 whip of electrocution (You found it on
                  | level 1 of the Dungeon)
  3352 | D:2      | Identified a +1 dagger
  3466 | D:3      | Identified a +0 whip
  3466 | D:3      | Identified a +0 club
  3466 | D:3      | Identified a +0 chain mail
  3606 | D:3      | Identified a +0 leather armour
  3606 | D:3      | Identified a +0 short sword
  3649 | D:3      | Identified a +0 club
  3649 | D:3      | Identified a +0 flail
  4059 | D:3      | Identified a +0 club
  4059 | D:3      | Identified a +0 club
  4059 | D:3      | Identified a +0 club
  4138 | D:3      | Found a sacrificial altar of Ru.
  4138 | D:3      | Identified a +0 whip
  4139 | D:3      | Identified a +0 dagger
  4184 | D:3      | Identified a +0 giant spiked club
  4184 | D:3      | Noticed an ogre
  4226 | D:3      | Noticed Grinder
  4251 | D:3      | Paralysed by Grinder for 4 turns
  4254 | D:3      | HP: 1/24 [ogre/+0 giant spiked club (13)]
  4592 | D:4      | Reached skill level 2 in Short Blades
  4592 | D:4      | Reached XP level 6. HP: 22/28 MP: 12/15
  4598 | D:4      | HP: 3/28 [iguana (5)]
  4627 | D:4      | Identified a +0 dagger
  4627 | D:4      | Identified a +0 leather armour
  4683 | D:3      | Killed Grinder
  4683 | D:3      | Reached skill level 3 in Short Blades
  4683 | D:3      | Reached skill level 5 in Stealth
  4683 | D:3      | Reached skill level 5 in Hexes
  4683 | D:3      | Reached skill level 2 in Ice Magic
  4993 | D:3      | Identified a +2 dagger of freezing
  5260 | D:3      | Identified a +0 short sword
  5271 | D:3      | Reached skill level 6 in Spellcasting
  5309 | D:3      | Identified a +0 club
  5345 | D:3      | Identified a +0 whip
  5362 | D:3      | Reached XP level 7. HP: 24/32 MP: 17/17
  5506 | D:3      | Reached skill level 4 in Dodging
  5511 | D:3      | Found a shimmering altar of Xom.
  5685 | D:4      | Found a staircase to the Ecumenical Temple.
  5695 | Temple   | Entered the Ecumenical Temple
  5848 | Temple   | Became a worshipper of Dithmenos the Shadowed
  6329 | D:5      | Entered Level 5 of the Dungeon
  6379 | D:5      | Got an ebony flail
  6380 | D:5      | Identified the +2 flail of Peril {venom, rElec rPois rN+
                  | Stlth+} (You found it on level 5 of the Dungeon)
  6412 | D:5      | Identified a +1 long sword of draining (You found it on
                  | level 5 of the Dungeon)
  6461 | D:5      | Identified a +0 dagger
  6461 | D:5      | Identified a +0 robe
  6461 | D:5      | Noticed Dowan
  6473 | D:5      | Killed Dowan
  6473 | D:5      | Reached skill level 6 in Stealth
  6474 | D:5      | Identified a cursed -2 short sword
  6474 | D:5      | Identified a +0 leather armour
  6474 | D:5      | Noticed Duvessa
  6806 | D:5      | Killed Duvessa
  6806 | D:5      | Reached skill level 4 in Short Blades
  7041 | D:5      | HP: 5/32 [centaur zombie (8)]
  7049 | D:5      | Reached * piety under Dithmenos
  7414 | D:5      | Found a white marble altar of Elyvilon.
  7416 | D:5      | Found a glowing silver altar of Zin.
  7419 | D:5      | Found a glowing golden altar of the Shining One.
  7463 | D:5      | Reached skill level 5 in Dodging
  7463 | D:5      | Reached XP level 8. HP: 36/36 MP: 18/18
  7495 | D:5      | Found a stormy altar of Qazlal.
  7497 | D:5      | Found an ornate altar of the Wu Jian Council.
  7497 | D:5      | Found a basalt altar of Yredelemnul.
  7499 | D:5      | Found a shimmering altar of Xom.
  7499 | D:5      | Found a shadowy altar of Dithmenos.
  7499 | D:5      | Found a shimmering altar of Xom.
  7538 | D:5      | Reached skill level 6 in Hexes
  7623 | D:5      | Reached skill level 5 in Short Blades
  7833 | D:6      | Found a stormy altar of Qazlal.
  7846 | D:6      | Identified a ring of magical power (You found it on level 6
                  | of the Dungeon)
  8121 | D:6      | Identified a +0 leather armour
  8122 | D:6      | Identified a +0 chain mail
  8123 | D:6      | Identified a +0 dagger
  8125 | D:6      | Identified a +0 club
  8125 | D:6      | Identified a cursed +0 leather armour
  8311 | D:6      | Identified a +0 dagger of electrocution
  8311 | D:6      | Identified a +0 robe
  8311 | D:6      | Identified a +0 dagger
  8311 | D:6      | Identified a +0 robe
  8317 | D:6      | Identified a +0 hand axe
  8317 | D:6      | Identified a +0 scale mail
  8321 | D:6      | Reached skill level 7 in Stealth
  8337 | D:6      | HP: 7/36 [orc/+0 hand axe (7)]
  8607 | D:6      | Identified a +0 short sword
  8612 | D:6      | Identified a +0 whip
  8614 | D:6      | Identified a +0 dagger
  8614 | D:6      | Identified a +0 robe
  8651 | D:6      | Identified a +0 scale mail
  8651 | D:6      | Identified a +0 dagger
  8651 | D:6      | Identified a +0 leather armour
  8656 | D:6      | Upgraded the game from 0.24-a0-479-g9a978d2894 to
                  | 0.24-a0-484-g962a3eeff7
  8663 | D:6      | Identified a +0 hand axe
  8663 | D:6      | Identified a +0 leather armour
  8763 | D:6      | Reached skill level 7 in Spellcasting
  9240 | D:6      | Reached skill level 6 in Short Blades
  9240 | D:6      | Reached skill level 6 in Dodging
  9497 | D:7      | Identified a +0 spear
  9497 | D:7      | Identified a +0 flail
  9506 | D:7      | Identified a +0 whip
  9506 | D:7      | Identified a +0 leather armour
  9527 | D:7      | Learned a level 3 spell: Dazzling Spray
  9550 | D:7      | Identified a +0 spear
  9636 | D:7      | Identified a +3 dagger
  9636 | D:7      | Identified a +0 robe
  9641 | D:7      | Identified a +0 spear
  9684 | D:7      | Reached ** piety under Dithmenos
  9720 | D:7      | Identified a +0 short sword
  9721 | D:7      | Identified a +0 spear
  9769 | D:7      | Identified a +0 whip
  9769 | D:7      | Identified a +0 leather armour
  9770 | D:7      | Identified a +0 spear
  9776 | D:7      | Identified a +0 whip
  9779 | D:7      | Reached skill level 8 in Stealth
  9783 | D:7      | Reached XP level 9. HP: 39/39 MP: 19/21
  9788 | D:7      | Identified a +0 morningstar
  9788 | D:7      | Identified a +0 leather armour
  9811 | D:7      | Identified a +0 club
 10073 | D:7      | Identified a +0 dagger
 10073 | D:7      | Identified a +0 robe
 10075 | D:7      | Identified a +0 short sword
 10075 | D:7      | Identified a +0 leather armour
 10087 | D:7      | Identified a +0 short sword
 10087 | D:7      | Identified a +0 plate armour
 10089 | D:7      | Identified a +0 dagger
 10089 | D:7      | Identified a +0 robe
 10090 | D:7      | Identified a +0 club
 10090 | D:7      | Identified a +0 leather armour
 10092 | D:7      | Identified a +0 dagger
 10093 | D:7      | Reached skill level 7 in Hexes
 10098 | D:7      | Identified a +0 club
 10226 | D:8      | Identified a +0 mace
 10226 | D:8      | Identified a +0 leather armour
 10229 | D:8      | Identified a +0 hand axe
 10230 | D:8      | Identified a +0 dagger
 10230 | D:8      | Identified a +0 chain mail
 10249 | D:8      | Identified a +0 dagger
 10266 | D:7      | Identified a +0 flail
 10358 | D:8      | Identified a +0 flail
 10360 | D:8      | Identified a +2 dagger of venom
 10364 | D:8      | Identified a +0 dagger
 10364 | D:8      | Identified a +0 leather armour
 10364 | D:8      | Identified a +0 mace
 10364 | D:8      | Identified a +0 leather armour
 10372 | D:8      | Reached skill level 7 in Short Blades
 10375 | D:8      | Identified a +0 flail
 10377 | D:8      | Identified a +0 falchion
 10379 | D:8      | Identified a +0 morningstar
 10384 | D:8      | Identified a +0 hand axe
 10384 | D:8      | Identified a +0 leather armour
 10400 | D:8      | Identified a +0 mace
 10402 | D:8      | Reached skill level 7 in Dodging
 10407 | D:8      | Identified a +0 war axe
 10407 | D:8      | Identified a +0 plate armour
 10419 | D:8      | Identified a +0 dagger
 10675 | D:8      | Identified 7 scrolls of identify
 10675 | D:8      | Identified an amulet of harm (You found it on level 8 of
                  | the Dungeon)
 10710 | D:8      | Reached *** piety under Dithmenos
 10717 | D:8      | Identified a +0 hand axe
 10717 | D:8      | Identified a +0 plate armour
 10728 | D:8      | Reached skill level 8 in Spellcasting
 10729 | D:8      | Identified a +0 dagger
 10740 | D:8      | Identified a +0 dagger of electrocution (You found it on
                  | level 8 of the Dungeon)
 10791 | D:8      | Noticed a cyclops
 10791 | D:8      | Identified a +0 giant spiked club
 10794 | D:8      | Reached skill level 9 in Stealth
 10838 | D:8      | Killed a cyclops
 10838 | D:8      | Reached skill level 8 in Short Blades
 10838 | D:8      | Reached skill level 8 in Dodging
 10983 | D:8      | Reached XP level 10. HP: 42/44 MP: 23/23
 10984 | D:8      | HP: 9/44 [hornet (18)]
 11278 | D:8      | Reached skill level 10 in Stealth
 11373 | D:9      | Identified a potion of resistance
 11374 | D:9      | Identified a potion of magic
 11375 | D:9      | Identified a potion of lignification
 11376 | D:9      | Identified a potion of invisibility
 11377 | D:9      | Identified a potion of berserk rage
 11384 | D:9      | Found a staircase to the Orcish Mines.
 11394 | D:9      | Identified a +0 whip
 11398 | D:9      | Identified a +0 dagger
 11398 | D:9      | Identified a +0 robe
 11414 | D:9      | Reached skill level 9 in Short Blades
 11425 | D:9      | Identified a +0 dire flail
 11425 | D:9      | Identified a +0 chain mail
 11427 | D:9      | Identified a +0 short sword
 11438 | D:9      | HP: 11/44 [orc warrior/+0 dire flail (26)]
 11703 | D:9      | Identified a +0 giant club
 11711 | D:9      | Reached skill level 9 in Spellcasting
 11744 | D:9      | Identified a ring of protection (You found it on level 9 of
                  | the Dungeon)
 11798 | D:9      | Identified a +0 dagger
 11808 | D:9      | Identified a +0 short sword
 11808 | D:9      | Identified a +0 dagger
 11808 | D:9      | Identified a +0 short sword
 11895 | D:9      | Found a shattered altar of Ashenzari.
 12047 | D:9      | Reached skill level 9 in Dodging
 12206 | D:10     | Entered Level 10 of the Dungeon
 12362 | D:10     | Identified an amulet of rage (You found it on level 8 of
                  | the Dungeon)
 12720 | D:11     | Found a staircase to the Lair.
 12755 | D:11     | Identified a +0 dagger
 12755 | D:11     | Identified a +1 robe of magic resistance
 12762 | D:11     | Identified a +0 dagger
 12762 | D:11     | Identified a +0 robe
 12762 | D:11     | Identified a +0 short sword
 12762 | D:11     | Identified a +0 leather armour
 12763 | D:11     | Identified a +0 flail
 12763 | D:11     | Identified a +0 trident
 12763 | D:11     | Identified a +0 chain mail
 12764 | D:11     | Identified a +0 hand axe
 12764 | D:11     | Identified a +0 short sword
 12764 | D:11     | Identified a +0 leather armour
 12778 | D:11     | Reached **** piety under Dithmenos
 12787 | D:11     | Reached skill level 10 in Short Blades
 12816 | D:11     | Reached skill level 1 in Fighting
 12818 | D:11     | Reached skill level 11 in Stealth
 12839 | D:11     | Noticed a deep troll
 12858 | D:11     | Identified a cursed -2 shortbow
 12858 | D:11     | Noticed a centaur warrior
 12914 | D:11     | Killed a centaur warrior
 12914 | D:11     | Reached skill level 2 in Fighting
 12914 | D:11     | Reached skill level 10 in Dodging
 13056 | D:11     | Identified a +0 glaive
 13056 | D:11     | Identified a +0 chain mail
 13056 | D:11     | Identified a +0 leather armour
 13058 | D:11     | Identified a +0 dagger
 13058 | D:11     | Identified a +0 robe
 13112 | D:11     | Killed a deep troll
 13112 | D:11     | Reached skill level 3 in Fighting
 13112 | D:11     | Reached skill level 10 in Spellcasting
 13112 | D:11     | Reached XP level 11. HP: 52/52 MP: 26/26
 13361 | D:11     | Identified a +0 giant spiked club
 13361 | D:11     | Identified a +0 giant club
 13361 | D:11     | Noticed a two-headed ogre
 13374 | D:11     | Killed a two-headed ogre
 13477 | D:11     | Got an iridescent fustibalus
 13916 | D:11     | Identified 4 scrolls of teleportation
 13932 | D:11     | Identified 3 scrolls of magic mapping
 13935 | D:11     | Identified 2 potions of flight
 13936 | D:11     | Identified a ring of see invisible (You found it on level
                  | 11 of the Dungeon)
 13950 | D:11     | Identified a +1 quarterstaff of crushing (You found it on
                  | level 5 of the Dungeon)
 13952 | D:11     | Identified a cursed -1 falchion (You found it on level 10
                  | of the Dungeon)
 13953 | D:11     | Identified 3 scrolls of enchant weapon
 13954 | D:11     | Identified a scroll of fog
 13955 | D:11     | Identified a scroll of random uselessness
 13965 | D:11     | Identified 3 scrolls of noise
 13969 | D:11     | Identified 2 scrolls of blinking
 13970 | D:11     | Identified 3 scrolls of enchant armour
 13972 | D:11     | Identified 3 scrolls of amnesia
 13973 | D:11     | Identified 4 scrolls of remove curse
 13975 | D:11     | Identified a +1 long sword of holy wrath (You found it on
                  | level 10 of the Dungeon)
 13976 | D:11     | Identified a +5 spear (You found it on level 11 of the
                  | Dungeon)
 14003 | D:11     | Identified a +0 dagger
 14003 | D:11     | Identified a +0 robe
 14003 | D:11     | Identified a +0 hand axe
 14003 | D:11     | Identified a +0 ring mail
 14007 | D:11     | Reached skill level 4 in Fighting
 14034 | D:11     | Reached skill level 12 in Stealth
 14073 | D:11     | Identified a +0 dagger
 14079 | D:11     | Identified a +0 whip
 14363 | D:11     | Reached ***** piety under Dithmenos
 14363 | D:11     | Reached skill level 11 in Dodging
 14531 | D:11     | Got a fine platinum amulet
 14739 | D:11     | Identified the amulet "Hanas" {RegenMP Dex+3} (You found it
                  | on level 11 of the Dungeon)
 14787 | D:12     | Identified a +0 shortbow
 14839 | D:12     | Reached skill level 5 in Fighting
 14853 | D:12     | Identified a +0 trident
 14853 | D:12     | Identified a cursed +0 robe
 14853 | D:12     | Noticed a rakshasa
 15086 | D:12     | Identified a +0 short sword
 15086 | D:12     | Identified a +0 cloak
 15086 | D:12     | Noticed Maurice
 15203 | D:12     | Found a runed translucent door.
 15206 | D:12     | Identified a +0 mace
 15206 | D:12     | Identified a +0 leather armour
 15208 | D:12     | Identified a +0 hand axe
 15210 | D:12     | Identified a +0 whip of venom
 15210 | D:12     | Identified a +0 chain mail
 15233 | D:12     | Identified a +0 dagger
 15233 | D:12     | Identified a +1 robe
 15233 | D:12     | Noticed an orc sorcerer
 15233 | D:12     | Identified a +0 dagger
 15233 | D:12     | Identified a +2 robe
 15233 | D:12     | Noticed an orc sorcerer
 15248 | D:12     | Killed Maurice
 15315 | D:12     | Killed a rakshasa
 15315 | D:12     | Reached skill level 11 in Spellcasting
 15395 | D:12     | Killed an orc sorcerer
 15414 | D:12     | Identified a cursed -3 hand axe
 15442 | D:12     | Identified a +0 hand axe
 15442 | D:12     | Identified a +0 chain mail
 15442 | D:12     | Noticed an orc high priest
 15453 | D:12     | Killed an orc high priest
 15453 | D:12     | Reached skill level 13 in Stealth
 15454 | D:12     | Identified a +0 hand axe
 15473 | D:12     | Killed an orc sorcerer
 15473 | D:12     | Reached skill level 6 in Fighting
 15483 | D:12     | Found a roughly hewn altar of Beogh.
 15514 | D:12     | Identified a +0 club
 15514 | D:12     | Identified a cursed +0 leather armour
 15586 | D:12     | Identified a +0 giant club
 15586 | D:12     | Identified a cursed +0 giant club
 15586 | D:12     | Noticed a two-headed ogre
 15588 | D:12     | Noticed a red ugly thing
 15591 | D:12     | Identified a +0 giant club
 15591 | D:12     | Identified a +0 giant club
 15591 | D:12     | Noticed a two-headed ogre
 15592 | D:12     | Killed a two-headed ogre
 15592 | D:12     | Reached XP level 12. HP: 61/61 MP: 28/28
 15600 | D:12     | Killed a two-headed ogre
 15600 | D:12     | Reached skill level 12 in Dodging
 15799 | D:12     | Identified a +0 short sword
 15868 | D:12     | Identified a +0 dagger
 15868 | D:12     | Identified a +0 robe
 15886 | D:12     | Reached skill level 7 in Fighting
 15982 | D:12     | Identified a scroll of holy word
 15983 | D:12     | Identified 3 scrolls of vulnerability
 15984 | D:12     | Identified a scroll of immolation
 16004 | D:13     | Identified a +0 shortbow
 16004 | D:13     | Noticed a centaur warrior
 16004 | D:13     | Identified a +0 battleaxe
 16004 | D:13     | Identified a +0 chain mail
 16004 | D:13     | Noticed a death knight
 16115 | D:13     | Identified a +0 trident
 16115 | D:13     | Identified a +0 hand axe
 16115 | D:13     | Identified a +0 hand axe
 16116 | D:13     | Identified a +3 flail
 16116 | D:13     | Identified a +0 leather armour
 16167 | D:13     | Identified a +0 spear
 16168 | D:13     | Identified a +0 spear
 16168 | D:13     | Identified a +0 spear
 16173 | D:13     | Identified a +0 spear
 16174 | D:13     | Found a flagged portal.
 16190 | Bailey   | Entered a bailey
 16191 | Bailey   | Identified a +0 arbalest
 16191 | Bailey   | Identified a +0 ring mail
 16206 | Bailey   | Identified a +0 arbalest
 16206 | Bailey   | Identified a cursed +0 scale mail
 16209 | Bailey   | Identified a +0 arbalest
 16209 | Bailey   | Identified a +0 ring mail
 16211 | Bailey   | Identified a +3 arbalest
 16211 | Bailey   | Identified a +0 scale mail
 16214 | Bailey   | Identified a cursed -1 arbalest
 16214 | Bailey   | Identified a +0 scale mail
 16221 | Bailey   | Identified a +0 arbalest
 16221 | Bailey   | Identified a +0 ring mail
 16233 | Bailey   | Identified a +0 arbalest
 16233 | Bailey   | Identified a +0 ring mail
 16236 | Bailey   | Identified a +0 arbalest
 16236 | Bailey   | Identified a +0 scale mail
 16237 | Bailey   | Identified a +0 arbalest
 16237 | Bailey   | Identified a +0 ring mail
 16238 | Bailey   | Identified a +0 arbalest
 16238 | Bailey   | Identified a +0 scale mail
 16243 | Bailey   | Identified a +0 arbalest
 16243 | Bailey   | Identified a +0 ring mail
 16245 | Bailey   | Identified a +0 arbalest
 16245 | Bailey   | Identified a +0 ring mail
 16247 | Bailey   | Identified a +0 arbalest
 16247 | Bailey   | Identified a +0 scale mail
 16248 | Bailey   | Identified a +0 arbalest
 16248 | Bailey   | Identified a +0 ring mail
 16256 | Bailey   | Identified a +0 arbalest
 16256 | Bailey   | Identified a +0 ring mail
 16291 | Bailey   | Identified a +0 spear
 16291 | Bailey   | Identified a +0 scale mail
 16291 | Bailey   | Identified a +0 halberd
 16291 | Bailey   | Identified a +0 chain mail
 16291 | Bailey   | Identified a +0 trident
 16291 | Bailey   | Identified a +0 chain mail
 16291 | Bailey   | Identified a cursed -1 bardiche
 16291 | Bailey   | Identified a +0 chain mail
 16340 | Bailey   | Identified a +0 glaive
 16340 | Bailey   | Identified a +0 scale mail
 16345 | Bailey   | Identified a +0 glaive
 16345 | Bailey   | Identified a +0 scale mail
 16377 | Bailey   | Identified a +0 trident
 16377 | Bailey   | Identified a +0 ring mail
 16381 | Bailey   | Identified a +0 halberd
 16381 | Bailey   | Identified a +0 ring mail
 16391 | Bailey   | Identified a +0 spear
 16391 | Bailey   | Identified a +0 chain mail
 16395 | Bailey   | Identified a +0 spear
 16395 | Bailey   | Identified a +0 ring mail
 16508 | D:13     | Reached skill level 14 in Stealth
 16511 | D:13     | Identified a +0 trident
 16511 | D:13     | Identified a +0 robe
 16511 | D:13     | Noticed a rakshasa
 16516 | D:13     | Found a frozen archway.
 16528 | IceCv    | Entered an ice cave
 16752 | IceCv    | Reached skill level 8 in Fighting
 17266 | IceCv    | Reached skill level 12 in Spellcasting
 17304 | IceCv    | Noticed an ice dragon
 17304 | IceCv    | Noticed an ice dragon
 17308 | IceCv    | Killed an ice dragon
 17308 | IceCv    | Identified +0 ice dragon scales
 17323 | IceCv    | Killed an ice dragon
 17323 | IceCv    | Reached skill level 13 in Dodging
 17539 | IceCv    | Identified a +0 vampiric dagger (You found it on level 11
                  | of the Dungeon)
 17540 | IceCv    | Identified a +2 spear of flaming (You found it on level 12
                  | of the Dungeon)
 17542 | IceCv    | Identified the +8 fustibalus of Discord {venom, rF- Str+9
                  | Int+3 Dex-2} (You found it on level 11 of the Dungeon)
 17545 | IceCv    | Identified an amulet of inaccuracy (You found it on level
                  | 12 of the Dungeon)
 17547 | IceCv    | Identified a ring of stealth (You found it on level 11 of
                  | the Dungeon)
 17551 | IceCv    | Identified a ring of intelligence (You found it in an ice
                  | cave)
 17555 | IceCv    | Identified a ring of ice (You found it in an ice cave)
 17567 | IceCv    | Identified a potion of might
 17568 | IceCv    | Identified a scroll of acquirement
 17568 | IceCv    | Identified Easy Thaumaturgy (You acquired it in an ice
                  | cave)
 17577 | IceCv    | Learned a level 4 spell: Passage of Golubria
 17596 | IceCv    | Identified a ring of attention (You found it in an ice
                  | cave)
 17622 | IceCv    | Identified a ring of fire (You found it in an ice cave)
 17624 | IceCv    | Identified a ring of positive energy (You found it in an
                  | ice cave)
 17702 | IceCv    | HP: 15/65 [ice statue] (10)]
 17703 | IceCv    | HP: 5/65 [ice statue] (10)]
 18045 | D:13     | Reached skill level 9 in Fighting
 18045 | D:13     | Reached skill level 1 in Translocations
 18056 | D:13     | Killed a rakshasa
 18056 | D:13     | Reached skill level 2 in Translocations
 18519 | D:13     | Identified a +0 dire flail
 18519 | D:13     | Identified a +0 giant club
 18519 | D:13     | Noticed a two-headed ogre
 18519 | D:13     | Identified a +0 mace
 18519 | D:13     | Identified a +0 hand axe
 18519 | D:13     | Identified a +0 long sword
 18519 | D:13     | Identified a +2 vampiric hand axe
 18607 | D:13     | Identified a +0 shortbow
 18652 | D:12     | Identified a +0 dagger
 18652 | D:12     | Identified a +0 robe
 18853 | D:13     | Reached skill level 3 in Translocations
 18915 | D:13     | Reached XP level 13. HP: 70/70 MP: 30/30
 18940 | D:13     | Identified a cursed -2 shortbow
 18946 | D:13     | Identified a cursed -2 club
 18946 | D:13     | Identified a +0 mace
 18946 | D:13     | Identified a +0 dagger
 18946 | D:13     | Identified a +0 robe
 19003 | D:13     | Reached skill level 4 in Translocations
 19057 | D:13     | Identified a +0 flail
 19157 | D:13     | Identified a +0 long sword
 19311 | D:13     | Identified a +0 giant spiked club
 19311 | D:13     | Identified a +0 robe
 19311 | D:13     | Noticed Erolcha
 19335 | D:13     | Killed Erolcha
 19525 | D:12     | Reached skill level 5 in Translocations
 19756 | D:13     | Reached skill level 10 in Fighting
 19756 | D:13     | Reached skill level 15 in Stealth
 20071 | Lair:1   | Entered Level 1 of the Lair of Beasts
 20996 | Lair:2   | Identified a +0 vampiric dagger
 20996 | Lair:2   | Identified a +2 robe of cold resistance
 20996 | Lair:2   | Noticed Nergalle
 21007 | Lair:2   | Killed Nergalle
 21007 | Lair:2   | Reached skill level 6 in Translocations
 21281 | Lair:2   | Found a staircase to the Shoals.
 21286 | Lair:2   | Identified a +0 trident
 21349 | Lair:2   | Reached skill level 14 in Dodging
 21431 | Lair:2   | Reached skill level 11 in Fighting
 21492 | Lair:3   | Reached skill level 1 in Conjurations
 21794 | Lair:3   | Identified a ring of wizardry (You found it on level 2 of
                  | the Lair of Beasts)
 21796 | Lair:3   | Identified a ring of protection from fire (You found it on
                  | level 3 of the Lair of Beasts)
 21832 | Lair:3   | Found a hole to the Spider Nest.
 22526 | Lair:4   | Learned a level 3 spell: Regeneration
 22534 | Lair:4   | Learned a level 4 spell: Force Lance
 22652 | Lair:4   | Reached skill level 16 in Stealth
 22733 | Lair:4   | Reached skill level 2 in Conjurations
 23037 | Lair:5   | Reached ****** piety under Dithmenos
 23104 | Lair:5   | Found a viscous altar of Jiyva.
 23104 | Lair:5   | Found a staircase to the Slime Pits.
 23200 | Lair:5   | Found a dark tunnel.
 23222 | Volcano  | Entered a volcano
 23379 | Volcano  | Found a burning altar of Makhleb.
 23379 | Volcano  | Identified a +0 spear
 23379 | Volcano  | Identified a +0 scimitar
 23379 | Volcano  | Identified a +0 robe
 23379 | Volcano  | Identified a +2 trident
 23379 | Volcano  | Identified a +0 halberd
 23381 | Volcano  | Reached XP level 14. HP: 79/79 MP: 31/31
 23384 | Volcano  | Reached skill level 13 in Spellcasting
 23389 | Volcano  | Identified a +0 scimitar of flaming
 23389 | Volcano  | Identified a +1 chain mail of fire resistance
 23392 | Volcano  | Reached skill level 1 in Invocations
 23402 | Volcano  | Identified a +0 flail
 23437 | Volcano  | Identified a +3 spear
 23453 | Volcano  | Identified a +0 mace of draining
 23520 | Lair:5   | Identified a +1 quick blade of flaming (You found it in a
                  | volcano)
 23765 | Lair:5   | Identified 3 potions of haste
 23766 | Lair:5   | Identified 2 scrolls of fear
 24360 | Lair:5   | Reached skill level 2 in Invocations
 24370 | Lair:5   | Reached skill level 12 in Fighting
 24908 | Lair:5   | Learned a level 6 spell: Invisibility
 24909 | Lair:6   | Entered Level 6 of the Lair of Beasts
 25344 | Lair:6   | Reached skill level 15 in Dodging
 25451 | Lair:6   | Learned a level 3 spell: Lesser Beckoning
 25453 | Lair:6   | Learned a level 1 spell: Animate Skeleton
 25460 | Lair:6   | Learned a level 6 spell: Deflect Missiles
 25594 | Lair:6   | Reached skill level 1 in Charms
 26148 | Lair:6   | Reached skill level 3 in Invocations
 26553 | Lair:6   | Reached skill level 2 in Charms
 26804 | Lair:6   | Reached skill level 14 in Spellcasting
 26886 | Lair:6   | Got a warped glass ring
 27307 | Lair:6   | Reached skill level 3 in Charms
 27385 | Lair:6   | Identified 7 potions of curing
 27386 | Lair:6   | Identified 6 potions of agility
 27391 | Lair:6   | Identified the ring "Tuheydu" {+Blink MR- rCorr Str-2
                  | Int+4} (You found it on level 6 of the Lair of Beasts)
 27397 | Lair:6   | Identified an amulet of magic regeneration (You found it on
                  | level 3 of the Lair of Beasts)
 27880 | Orc:1    | Entered Level 1 of the Orcish Mines
 27905 | Orc:1    | Identified a +0 dagger
 27930 | Orc:1    | Identified a +0 battleaxe
 27930 | Orc:1    | Identified a +0 chain mail
 27934 | Orc:1    | Identified a cursed -2 club
 27956 | Orc:1    | Identified a +0 short sword
 27957 | Orc:1    | Identified a +0 dagger
 27957 | Orc:1    | Identified a +0 robe
 27958 | Orc:1    | Noticed Snorg
 27958 | Orc:1    | Identified a +0 dagger
 27958 | Orc:1    | Identified a +0 robe
 27997 | Orc:1    | Identified a +0 hand axe
 27997 | Orc:1    | Identified a +0 leather armour
 27999 | Orc:1    | Identified a +0 dagger
 27999 | Orc:1    | Identified a +0 robe
 27999 | Orc:1    | Identified a +0 mace
 28051 | Orc:1    | Identified a cursed -3 glaive
 28051 | Orc:1    | Identified a cursed -2 chain mail
 28071 | Orc:1    | Identified a +0 leather armour
 28121 | Orc:1    | Killed Snorg
 28374 | Orc:2    | Entered Level 2 of the Orcish Mines
 28386 | Orc:2    | Identified a +0 flail
 28386 | Orc:2    | Identified a +0 halberd
 28386 | Orc:2    | Identified a +0 whip
 28406 | Orc:2    | Identified a +0 whip
 28408 | Orc:2    | Identified a +0 trident
 28408 | Orc:2    | Identified a +0 plate armour
 28409 | Orc:2    | Identified a +0 ring mail
 28425 | Orc:2    | Reached skill level 8 in Hexes
 28435 | Orc:1    | Identified a +0 battleaxe
 28435 | Orc:1    | Identified a +0 chain mail
 28435 | Orc:1    | Identified a +0 hand axe
 28435 | Orc:1    | Identified a +0 leather armour
 28435 | Orc:1    | Identified a +0 ring mail
 28584 | Orc:2    | Found a staircase to the Elven Halls.
 28628 | Orc:2    | Identified a +0 giant club
 28628 | Orc:2    | Identified a +0 giant spiked club
 28628 | Orc:2    | Identified a +0 giant spiked club
 28691 | Orc:2    | Identified a cursed -1 giant spiked club
 28691 | Orc:2    | Identified a +0 giant club
 28847 | Orc:2    | Identified a +0 giant club
 28847 | Orc:2    | Identified a +0 giant club
 28848 | Orc:2    | Identified a +0 giant club
 28848 | Orc:2    | Identified a +0 robe
 28848 | Orc:2    | Identified a +0 giant club
 29089 | Orc:2    | Identified a +0 troll leather armour
 29096 | Orc:2    | Reached XP level 15. HP: 85/85 MP: 34/34
 29146 | Orc:2    | Identified a +0 giant spiked club
 29146 | Orc:2    | Identified a +0 giant spiked club
 29153 | Orc:2    | Identified a +0 giant spiked club
 29153 | Orc:2    | Identified a +0 spear
 29153 | Orc:2    | Identified a +0 robe
 29171 | Orc:2    | Identified a +0 giant spiked club
 29176 | Orc:2    | Reached skill level 17 in Stealth
 29180 | Orc:2    | Reached skill level 4 in Charms
 29183 | Orc:2    | Identified a +3 great sword of protection
 29183 | Orc:2    | Identified a +0 plate armour
 29183 | Orc:2    | Noticed an orc warlord
 29183 | Orc:2    | Identified a +0 giant spiked club
 29183 | Orc:2    | Identified a +0 giant club
 29185 | Orc:2    | Reached skill level 4 in Invocations
 29216 | Orc:2    | Identified a +0 long sword
 29216 | Orc:2    | Identified a +0 chain mail
 29217 | Orc:2    | Identified a +0 flail
 29217 | Orc:2    | Identified a +0 giant club
 29217 | Orc:2    | Identified a +0 long sword
 29217 | Orc:2    | Identified a +0 plate armour
 29217 | Orc:2    | Identified a +0 war axe
 29217 | Orc:2    | Identified a +2 leather armour of magic resistance
 29226 | Orc:2    | Identified a +0 dagger
 29226 | Orc:2    | Identified a +2 robe of cold resistance
 29227 | Orc:2    | Identified a cursed -1 glaive
 29227 | Orc:2    | Identified a +0 chain mail
 29228 | Orc:2    | Identified a +0 glaive
 29228 | Orc:2    | Identified a +0 chain mail
 29231 | Orc:2    | Identified a +0 falchion
 29233 | Orc:2    | Identified a +0 trident
 29233 | Orc:2    | Identified a +0 chain mail
 29238 | Orc:1    | Killed an orc warlord
 29245 | Orc:2    | Identified a +0 flail
 29245 | Orc:2    | Identified a +0 leather armour
 29245 | Orc:2    | Identified a +0 long sword
 29245 | Orc:2    | Identified a +0 chain mail
 29414 | Orc:2    | Identified a +0 giant spiked club
 29414 | Orc:2    | Identified a +0 giant spiked club
 29417 | Orc:2    | Identified a +0 giant club
 29519 | Orc:1    | Identified a +0 troll leather armour
 29804 | Orc:2    | Identified a +0 giant spiked club
 29804 | Orc:2    | Identified a +0 giant club
 29816 | Orc:2    | Identified a +0 giant club
 29836 | Orc:2    | Identified a +0 giant club
 29842 | Orc:2    | Identified a +0 giant club
 29842 | Orc:2    | Identified a +0 giant club
 29850 | Orc:2    | Reached skill level 13 in Fighting
 29855 | Orc:2    | Identified a +0 troll leather armour
 29860 | Orc:2    | Identified a +0 giant club
 29895 | Orc:2    | Identified a +0 giant club
 29895 | Orc:2    | Identified a +0 giant club
 29898 | Orc:2    | Found Hinywai's Jewellery Shoppe.
 29907 | Orc:2    | Found Orosebet's Magic Scroll Boutique.
 29916 | Orc:2    | Identified a cursed -2 dire flail
 29916 | Orc:2    | Identified a +0 giant club
 29917 | Orc:2    | Found Jejeuv's Armour Emporium.
 29922 | Orc:2    | Identified a +0 dagger
 29922 | Orc:2    | Identified a +0 robe
 29961 | Orc:2    | Identified a +0 giant club
 29961 | Orc:2    | Identified a +0 giant spiked club
 30057 | Orc:2    | Found Usibb's Armour Shoppe.
 30058 | Orc:2    | Identified a +0 giant club
 30083 | Orc:2    | Identified a cursed -1 giant club
 30083 | Orc:2    | Identified a +0 giant club
 30083 | Orc:2    | Identified a +0 mace
 30083 | Orc:2    | Identified a +0 leather armour
 30083 | Orc:2    | Identified a +0 trident
 30182 | Orc:2    | Identified a +0 club
 30182 | Orc:2    | Identified a +0 scale mail
 30665 | D:13     | Reached skill level 5 in Charms
 30939 | D:14     | HP: 21/86 [poisoned by a green ugly thing]
 30940 | D:14     | HP: 5/86 [green ugly thing (16)]
 30941 | D:14     | HP: 2/86 [poisoned by a green ugly thing]
 30942 | D:14     | Succumbed to a green ugly thing's poison

Table legend:
 A = Turns spent in this place as a percentage of turns spent in the entire game.
 B = Non-inter-level travel turns spent in this place as a percentage of non-inter-level travel turns spent in the entire game.
 C = Inter-level travel turns spent in this place as a percentage of turns spent in this place.
 D = Turns resting spent in this place as a percentage of non-inter-level travel turns spent in this place.
 E = Turns spent auto-exploring this place as a percentage of non-inter-level travel turns spent in this place.
 F = Non-inter-level travel turns spent in this place divided by the number of levels of this place that you've seen.
                   A       B       C       D       E      F
               +-------+-------+-------+-------+-------+----------------------
         Total | 100.0 | 100.0 |   1.8 |  27.8 |  27.3 | 1168.4
       Dungeon |  60.3 |  59.9 |   2.3 |  29.6 |  29.7 | 1300.8
        Temple |   0.5 |   0.5 |   4.8 |   0.0 |  91.2 | 159.0
          Lair |  24.1 |  24.2 |   1.6 |  23.3 |  28.2 | 1224.3
  Orcish Mines |   8.5 |   8.6 |   0.0 |  24.0 |  24.5 | 1308.0
        Bailey |   0.8 |   0.8 |   0.0 |   0.0 |   0.0 | 244.0
      Ice Cave |   4.9 |   5.0 |   0.0 |  46.8 |   1.9 | 1510.0
       Volcano |   0.9 |   1.0 |   0.0 |   0.0 |   0.0 | 292.0
               +-------+-------+-------+-------+-------+----------------------

Table legend:
 A = Kills in this place as a percentage of kills in entire the game.
 B = Kills by you in this place as a percentage of kills by you in the entire game.
 C = Kills by friends in this place as a percentage of kills by friends in the entire game.
 D = Other kills in this place as a percentage of other kills in the entire game.
 E = Experience gained in this place as a percentage of experience gained in the entire game.
 F = Experience gained in this place divided by the number of levels of this place that you have seen.
                   A       B       C       D       E      F
               +-------+-------+-------+-------+-------+----------------------
         Total | 100.0 | 100.0 | 100.0 |   N/A | 100.0 | 4820.4
       Dungeon |  60.1 |  61.0 |  20.0 |   N/A |  35.6 | 3182.6
          Lair |  22.0 |  20.6 |  80.0 |   N/A |  38.5 | 8034.2
  Orcish Mines |  12.0 |  12.3 |   0.0 |   N/A |  17.4 | 10918.0
        Bailey |   1.5 |   1.5 |   0.0 |   N/A |   1.2 | 1520.0
      Ice Cave |   2.7 |   2.7 |   0.0 |   N/A |   3.6 | 4559.0
       Volcano |   1.8 |   1.8 |   0.0 |   N/A |   3.7 | 4654.0
               +-------+-------+-------+-------+-------+----------------------

Skill      XL: |  1  2  3  4  5  6  7  8  9 10 11 12 13 14 15 |
---------------+----------------------------------------------+-----
Spellcasting   | 3 4 5 6 7 8 10 11 12 14 | 14.8
Hexes          | 4 5 6 7 8 |  8.7
Ice Magic      | 1 2 |  2.0
Short Blades   | 2 3 4 6 8 10 | 10.0
Stealth        | 5 6 8 9 11 13 14 16 17 | 17.3
Dodging        | 5 6 8 10 11 13 14 15 | 15.7
Fighting       | 3 6 9 11 12 13 | 13.1
Translocations | 3 6 |  6.1
Conjurations   | 2 |  2.0
Invocations    | 3 4 |  4.6
Charms         | 3 5 |  5.1

Action                   |  1- 3 |  4- 6 |  7- 9 | 10-12 | 13-15 || total
-------------------------+-------+-------+-------+-------+-------++-------
Melee: Dagger            |   153 |   168 |   409 |   501 |   199 ||  1430
       Flail             |       |       |     6 |       |       ||     6
       Quick blade       |       |       |       |       |   374 ||   374
Throw: Stone             |     4 |       |       |       |       ||     4
 Cast: Corona            |     9 |     4 |     2 |       |       ||    15
       Ensorcelled Hiber |     5 |    16 |   117 |   151 |   242 ||   531
       Confuse           |       |     4 |     5 |    37 |    37 ||    83
       Tukima's Dance    |       |       |     5 |     6 |     6 ||    17
       Dazzling Spray    |       |       |       |    25 |   108 ||   133
       Force Lance       |       |       |       |       |    27 ||    27
       Animate Skeleton  |       |       |       |       |    36 ||    36
Invok: Shadow Step       |       |       |       |     3 |     2 ||     5
Evoke: Wand              |       |       |       |     1 |       ||     1
  Use: Scroll            |       |       |     1 |    32 |     5 ||    38
       Potion            |       |       |       |       |     1 ||     1
 Stab: Sleeping          |    12 |    12 |    84 |   124 |   192 ||   424
       Distracted        |       |     1 |     1 |     3 |     9 ||    14
       Paralysed         |       |     1 |       |       |       ||     1
       Confused          |       |     2 |     3 |    16 |    14 ||    35
       Invisible         |       |       |       |     5 |    34 ||    39
  Eat: Ration            |       |     1 |     3 |     4 |     6 ||    14
Armor: Robe              |    15 |    11 |    12 |    14 |     6 ||    58
Dodge: Dodged            |   126 |   119 |   326 |   392 |   430 ||  1393

Vanquished Creatures
  An orc warlord (Orc:1)
  Snorg (Orc:1)
  Erolcha (D:13)
  5 hydras
  2 ice dragons (IceCv)
  2 rakshasas
  A death knight (D:13)
  2 ogre magi (Orc:2)
  2 centaur warriors
  12 two-headed ogres
  3 catoblepae
  12 death yaks
  An orc high priest (D:12)
  Nergalle (Lair:2)
  5 skeletal warriors (D:13)
  An iron troll (Orc:1)
  2 deep trolls
  A salamander mystic (Volcano)
  A hell knight (Volcano)
  A phantasmal warrior (D:12)
  4 lindwurms (Lair:3)
  An orc knight (Bailey)
  4 cyclopes
  4 orc sorcerers
  2 deep elf magi
  6 ugly things
  2 manticores
  12 elephants (Lair:6)
  4 salamanders (Volcano)
  4 black mambas
  2 molten gargoyles (Volcano)
  Maurice (D:12)
  8 spiny frogs
  7 komodo dragons
  2 rime drakes (IceCv)
  A kobold demonologist (D:12)
  A freezing wraith (D:13)
  2 ice devils (D:13)
  A merfolk (Lair:2)
  9 trolls
  A blink frog (Lair:6)
  6 hornets
  2 polar bears (Lair:6)
  Grinder (D:3)
  10 slime creatures
  5 dream sheep (Lair:5)
  3 hippogriffs
  2 wraiths (D:13)
  2 redbacks (Lair:3)
  A shadow (D:12)
  29 yaks
  3 hungry ghosts
  7 basilisks
  6 wyverns
  A steam dragon (D:12)
  2 wargs (Orc:1)
  13 water moccasins
  4 acid dragons
  Duvessa (D:5)
  6 porcupines
  4 black bears
  23 orc warriors
  A phantom (D:5)
  19 ice beasts
  2 sky beasts
  An eye of draining (D:13)
  4 necrophages
  20 ogres
  5 wolves
  11 crocodiles
  3 centaurs
  A big kobold (D:9)
  13 bullfrogs
  4 scorpions
  Dowan (D:5)
  6 killer bees
  5 crimson imps
  6 electric eels
  A howler monkey (D:10)
  3 centaur zombies
  4 lava snakes (Volcano)
  A bullfrog zombie (D:13)
  6 jellies
  3 centaur skeletons
  6 hounds
  14 orc wizards
  2 bullfrog skeletons
  12 orc priests
  3 quasits
  9 iguanas
  A gnoll shaman (D:7)
  Jessica (D:2)
  Natasha (twice) (D:2)
  11 worker ants
  3 hound skeletons
  A worker ant zombie (D:5)
  10 gnolls
  2 howler monkey skeletons
  11 adders
  8 shadow imps
  2 oozes
  An adder zombie (D:5)
  An adder skeleton (D:5)
  A dart slug (D:1)
  4 leopard geckos
  80 orcs
  2 ball pythons
  10 bats
  5 giant cockroaches
  12 goblins
  5 hobgoblins
  14 jackals
  6 quokkas
  6 frilled lizards
  16 kobolds
  A leopard gecko skeleton (D:7)
  A quokka skeleton (D:4)
  10 rats
  A fungus (Lair:4)
660 creatures vanquished.

Vanquished Creatures (collateral kills)
  A hydra (Lair:6)
  A deep troll shaman (Lair:6)
  A death yak (Lair:6)
  An elephant (Lair:6)
  A komodo dragon (Lair:6)
  2 blink frogs (Lair:6)
  A hippogriff (Lair:6)
  2 yaks (Lair:6)
  A wolf (Lair:6)
  A crocodile (Lair:6)
  An orc wizard (D:6)
  A gnoll shaman (D:7)
  A gnoll (D:7)
  A plant (Lair:6)
16 creatures vanquished.

Vanquished Creatures (others)
  4 dancing weapons
  2 orcs (D:12)
  3 fungi
  6 plants
15 creatures vanquished.

Grand Total: 691 creatures vanquished
